 Dungeon Crawl Stone Soup version 0.31.0-9-g3a7656b989 (webtiles) character file.

Game seed: 9963947033039642881

547 GordonOverkill the Firebug (level 6, 0/48 HPs)
             Began as a Demigod Gladiator on Jan 27, 2024.
             Slain by a gnoll
             ... wielding a +0 spear
              (2 damage)
             ... on level 5 of the Dungeon.
             The game lasted 00:12:45 (5539 turns).

GordonOverkill the Firebug (Demigod Gladiator)      Turns: 5539, Time: 00:12:46

Health: 0/48       AC:  7    Str: 15    XL:     6   Next: 78%
Magic:  10/22      EV: 12    Int: 18    God:
Gold:   307        SH:  0    Dex: 15    Spells: 7/11 levels left

rFire   . . .        a - +5 rapier (protect)
rCold   . . .        (no shield)
rNeg    . . .        b - +0 leather armour
rPois   .            c - +1 helmet
rElec   .            (no cloak)
rCorr   .            g - +0 pair of gloves
SInv    .            q - +0 pair of boots
Will    +....        (no amulet)
Stlth   +            k - ring of willpower
HPRegen 0.28/turn    m - ring of magical power
MPRegen 0.18/turn

%: no passive effects
@: mighty
A: high MP 1, forlorn, divine attributes, mutation resistance 1
a: no special abilities


You were on level 5 of the Dungeon.
You visited 1 branch of the dungeon, and saw 5 of its levels.
You also visited: Sewer.

You collected 307 gold pieces.

Inventory:

Hand Weapons
 a - a +5 rapier of protection (weapon)
Missiles
 d - 3 throwing nets
 f - 10 poisoned darts (quivered)
 l - a javelin
Armour
 b - a +0 leather armour (worn)
 c - a +1 helmet (worn)
 g - a +0 pair of gloves (worn)
 q - a +0 pair of boots (worn)
Magical Staves
 e - a staff of conjuration
Jewellery
 k - a ring of willpower (left hand)
 m - a ring of magical power (right hand)
 t - an amulet of guardian spirit
 v - a ring of protection from cold
Wands
 n - a wand of mindburst (14)
Scrolls
 p - 2 scrolls of amnesia
Potions
 h - 3 potions of enlightenment
 i - 2 potions of might
 o - 2 potions of lignification
 s - a potion of mutation


   Skills:
 - Level 2.0 Fighting
 - Level 2.6 Short Blades
 - Level 1.7 Throwing
 - Level 2.6 Dodging
 - Level 3.0 Spellcasting
 - Level 1.6 Conjurations
 - Level 3.0 Translocations
 + Level 4.1 Fire Magic


You had 7 spell levels left.
You knew the following spells:

 Your Spells              Type           Power      Damage    Failure   Level
a - Volatile Blastmotes   Fire/Tloc      30%        2d12      14%         3
b - Foxfire               Conj/Fire      52%        2x1d6     6%          1

Your spell library contained the following spells:

 Spells                   Type           Power      Damage    Failure   Level
 Ensorcelled Hibernation  Hex/Ice        4%         N/A       30%         2
 Passwall                 Erth           2%         N/A       52%         3
 Swiftness                Air            2%         N/A       52%         3
 Tukima's Dance           Hex            2%         N/A       52%         3
 Iskenderun's Mystic Bla  Conj/Tloc      11%        2d4       58%         4
 Dimensional Bullseye     Hex/Tloc       4%         N/A       71%         4
 Fulminant Prism          Conj/Alch      2%         3d5       80%         4
 Plasma Beam              Fire/Air       5%         2x1d15    100%        6
 Starburst                Conj/Fire      6%         6d4       100%        6


Dungeon Overview and Level Annotations

Branches:
Dungeon (5/15)             Temple (0/1) D:4           Sewer (visited)

Shops:
D:3 =

Annotations:
D:2 Sigmund
D:4 exclusion: statue


Innate Abilities, Weirdness & Mutations

You have an increased reservoir of magic. (+10% MP)
You shall have no god before yourself.
Your divine heritage dramatically boosts your attributes as you level up.
You are somewhat resistant to further mutation.


Message History

Casting: Volatile Blastmotes (dangerous; 14% risk of failure)
Confirm with . or Enter, or press ? or * to list all spells.
Okay, then.
What are your orders? t - Shout!
Orders for allies: a - Attack new target. r - Retreat! s - Stop attacking. g - Guard the area. f - Follow me.
Anything else - Cancel.
Retreat in which direction?
Press: ? - help, Dir - move target, f - you
Okay, then.
Unknown command.
Casting: Volatile Blastmotes (dangerous; 14% risk of failure)
Confirm with . or Enter, or press ? or * to list all spells.
You conjure some foxfire!
The scorpion stings you.
* * * LOW HITPOINT WARNING * * *
The gnoll hits you from afar with a +0 spear.
* * * LOW HITPOINT WARNING * * *
The foxfire hits the gnoll.
The gnoll is moderately wounded.
The foxfire hits the gnoll.
The gnoll is heavily wounded.
Casting: Foxfire (safe; 6% risk of failure)
Confirm with . or Enter, or press ? or * to list all spells.
You conjure some foxfire!
The scorpion stings you.
* * * LOW HITPOINT WARNING * * *
The gnoll closely misses you.
The foxfire hits the gnoll but does no damage.
The foxfire hits the scorpion but does no damage.
The gnoll attacks as it pursues you! The gnoll hits you but does no damage.
The gnoll attacks as it pursues you! The gnoll closely misses you.
Casting: Foxfire (safe; 6% risk of failure)
Confirm with . or Enter, or press ? or * to list all spells.
You conjure some foxfire!
The scorpion stings you but does no damage.
The gnoll misses you. The scorpion stings you.
* * * LOW HITPOINT WARNING * * *
The gnoll hits you from afar with a +0 spear.
You die...

................#
...........[....#
...........o....#
................#
##+###....####...#
....##....## #...#
............


#ggg# .............#.gs# .............#.v@# .............#.v.#
.............#...# ..############...# ### ##### You could see a scorpion (ally
target), an orc wizard and 4 gnolls.

Vanquished Creatures
  A steam dragon (D:5)
  A scorpion (D:4)
  2 hounds
  2 jellies
  An orc priest (D:5)
  An iguana (D:4)
  An orc wizard (D:5)
  4 adders (D:3)
  2 river rats (Sewer)
  2 ribbon worms
  3 dart slugs
  6 orcs
  15 ball pythons
  16 bats
  9 endoplasms
  5 giant cockroaches
  6 goblins
  8 hobgoblins
  5 jackals
  14 kobolds
  5 quokkas
  4 frilled lizards
  7 rats
120 creatures vanquished.

Vanquished Creatures (others)
  39 foxfires
39 creatures vanquished.

Grand Total: 159 creatures vanquished

Notes
Turn   | Place    | Note
-------+----------+-------------------------------------------
     0 | D:1      | GordonOverkill the Demigod Gladiator began the quest for
                  | the Orb.
     0 | D:1      | Reached XP level 1. HP: 17/17 MP: 3/3
   284 | D:1      | Reached skill level 1 in Spellcasting
   353 | D:1      | Reached XP level 2. HP: 24/24 MP: 4/6
  1138 | D:2      | Reached XP level 3. HP: 25/29 MP: 8/8
  1256 | D:2      | Reached skill level 1 in Conjurations
  1661 | D:2      | Noticed Sigmund
  1816 | D:1      | Learned a level 3 spell: Volatile Blastmotes
  1948 | D:2      | Gained mutation: You are somewhat resistant to further
                  | mutation. [potion of mutation]
  2458 | D:3      | Found a glowing drain.
  2509 | Sewer    | Entered a sewer
  2576 | Sewer    | Reached skill level 1 in Translocations
  2576 | Sewer    | Reached skill level 1 in Fire Magic
  2576 | Sewer    | Reached XP level 4. HP: 10/36 MP: 9/9
  3096 | Sewer    | Noticed a brain worm
  3392 | D:3      | Found Niploq's Jewellery Shop.
  3672 | D:3      | Reached skill level 2 in Fire Magic
  3703 | D:3      | Reached XP level 5. HP: 41/41 MP: 10/10
  4242 | D:4      | Identified the +8 mace of Venn {heavy, *Corrode rPois
                  | Dex+3}
  4320 | D:4      | Found a staircase to the Ecumenical Temple.
  4885 | D:5      | Entered Level 5 of the Dungeon
  5088 | D:5      | Noticed a steam dragon
  5110 | D:4      | Reached skill level 3 in Fire Magic
  5110 | D:4      | Reached XP level 6. HP: 16/48 MP: 12/12
  5223 | D:4      | Learned a level 1 spell: Foxfire
  5387 | D:5      | Killed a steam dragon
  5440 | D:5      | Reached skill level 4 in Fire Magic
  5539 | D:5      | HP: 2/48 [scorpion (2)]
  5539 | D:5      | Slain by a gnoll

Illustrated notes

Levels and vault maps discovered:
D:1:      onia_arrival_mini_maze, layout_basic, ebering_ecumenical_altar_mist,
          minmay_misc_feat_four_crosses, corexii_corridor_pit,
          minmay_pentomino_s4
D:2:      minmay_chambers_of_ones, layout_loops_ring, basic_altar,
          corexii_corridor_pit, uniq_sigmund
D:3:      layout_rooms, mainiacjoe_overflow_surrounded_room,
          gammafunk_temple_overflow_claw, portal_sewer_entry_a, serial_shops,
          nicolae_shop_pleasant_corner_grove, minmay_randomly_rotated_circles
D:4:      layout_loops_ring, vehumet_statue, jmf_multi_god_temple2,
          minmay_temple_entry_sparse_star
D:5:      layout_gridville

Skill      XL: |  1  2  3  4  5  6 |
---------------+-------------------+-----
Fighting       | 2 |  2.0
Spellcasting   | 1 2 3 |  3.0
Conjurations   | 1 |  1.6
Translocations | 1 2 3 |  3.0
Fire Magic     | 1 2 3 4 |  4.1
Short Blades   | |  2.6
Throwing       | |  1.7
Dodging        | |  2.6

Action                     |  1- 3 |  4- 6 || total
---------------------------+-------+-------++-------
  Melee: Rapier            |   206 |   174 ||   380
         Punch             |     1 |       ||     1
  Throw: Dart              |     3 |     1 ||     4
   Cast: Volatile Blastmot |       |     4 ||     4
         Foxfire           |       |    23 ||    23
  Evoke: Wand              |       |     3 ||     3
    Use: Scroll            |     6 |    14 ||    20
         Potion            |     3 |     1 ||     4
   Stab: Sleeping          |     1 |       ||     1
 Armour: Leather armour    |   131 |   131 ||   262
         Skin              |    17 |     9 ||    26
  Dodge: Dodged            |   146 |   140 ||   286
